 Dungeon Crawl Stone Soup version 0.32-a0-868-g153ae1a8d6 (webtiles) character file.

Game seed: 17166858631099722854

25291 Griffin23 the Fencer (level 12, 0/163 (169) HPs)
             Began as a Minotaur Fighter on Mar 28, 2024.
             Was an Elder of Trog.
             Succumbed to a black mamba's poison
             ... on level 2 of the Lair of Beasts.
             The game lasted 00:29:21 (17360 turns).

Griffin23 the Fencer (Minotaur Fighter)            Turns: 17360, Time: 00:29:21

HP:   0/163 (169)   AC: 20    Str: 25    XL:     12   Next: 88%
MP:   2/11          EV:  6    Int:  5    God:    Trog [****..]
Gold: 2112          SH: 10    Dex: 11    Spells: 11/11 levels left

rFire   + . .        L - +7 long sword
rCold   . . .        K - +0 kite shield
rNeg    . . .        m - +0 plate armour
rPois   .            (helmet restricted)
rElec   .            Z - +2 cloak
rCorr   +            h - +0 pair of gloves
SInv    .            (no boots)
Will    .....        D - amulet of guardian spirit Stlth
                     G - ring of protection from fire
HPRegen 0.47/turn    U - ring of resist corrosion
MPRegen 0.12/turn

%: guardian spirit
@: berserking, lethally poisoned (0 -> -29), lightly drained, very quick
A: horns 2, retaliatory headbutt
a: Renounce Religion, Berserk, Trog's Hand, Brothers in Arms


You were on level 2 of the Lair of Beasts.
You worshipped Trog.
Trog was greatly pleased with you.
You visited 3 branches of the dungeon, and saw 14 of its levels.
You also visited: Ossuary.

You collected 2112 gold pieces.

Inventory:

Hand Weapons
 o - a +0 great sword
 L - a +7 long sword (weapon)
Missiles
 s - 8 boomerangs (quivered)
 M - 5 javelins
 R - 2 throwing nets
Armour
 b - a +0 scale mail
 c - a +0 buckler
 h - a +0 pair of gloves (worn)
 m - a +0 plate armour (worn)
 K - a +0 kite shield (worn)
 N - a +0 cloak
 Z - a +2 cloak (worn)
Jewellery
 q - a ring of ice
 C - a ring of wizardry
 D - an amulet of guardian spirit (around neck)
 G - a ring of protection from fire (left hand)
 H - an amulet of the acrobat
 U - a ring of resist corrosion (right hand)
 W - a ring of ice
 Y - a +6 ring of dexterity
Wands
 a - a wand of digging (5)
 y - a wand of flame (46)
 I - a wand of light (16)
 J - a wand of warping (14)
 S - a wand of paralysis (2)
Scrolls
 d - 2 scrolls of teleportation
 g - 3 scrolls of immolation
 i - 2 scrolls of enchant armour
 k - 6 scrolls of vulnerability
 l - 2 scrolls of fog
 r - 4 scrolls of revelation
 t - 3 scrolls of blinking
 z - 3 scrolls of fear
 A - 2 scrolls of amnesia
 E - a scroll of brand weapon {unknown}
 P - 2 scrolls of enchant weapon
 V - 3 scrolls of silence
Potions
 e - 3 potions of curing
 f - a potion of ambrosia {unknown}
 n - 2 potions of resistance
 u - a potion of enlightenment {unknown}
 v - 3 potions of attraction
 w - 6 potions of degeneration
 x - a potion of lignification {unknown}
 F - a potion of haste {unknown}
 O - a potion of berserk rage {unknown}
 T - a potion of might


   Skills:
 + Level 12.3 Fighting
 * Level 16.5 Long Blades
 + Level 12.3 Armour
 + Level 9.5 Shields
 + Level 6.0 Evocations


You had 11 spell levels left.
You didn't know any spells.
Your spell library contained the following spells:

 Spells                   Type           Power      Damage    Failure   Level
 Apportation              Tloc           0%         N/A       100%        1
 Necrotise                Necr           0%         1d4       100%        1
 Sting                    Conj/Alch      0%         1d3       100%        1
 Summon Small Mammal      Summ           0%         N/A       100%        1


Dungeon Overview and Level Annotations

Branches:
Dungeon (10/15)            Temple (1/1) D:6            Lair (3/5) D:10
 Shoals (0/4) Lair:2      Ossuary (visited)
  Snake: Lair:2-3    Spider: Lair:2-3       Orc: D:9-12

Altars:
Ashenzari
Cheibriados
Dithmenos
Elyvilon
Fedhas
Gozag
Hepliaklqana
Kikubaaqudgha
Makhleb
Nemelex Xobeh
Okawaru
Qazlal
Ru
Sif Muna
Trog
Uskayaw
Vehumet
Wu Jian
Xom
Yredelemnul
Zin
The Shining One


Innate Abilities, Weirdness & Mutations

You have a pair of horns on your head.
You reflexively headbutt those who attack you in melee.


Message History

You slice the pharaoh ant!!
The pharaoh ant is severely damaged.
You feel very sick. The black mamba bites you!
* * * LOW HITPOINT WARNING * * *
You are lethally poisoned!
The black mamba poisons you! The yak gores you!
* * * LOW HITPOINT WARNING * * *
The yak gores you!
* * * LOW HITPOINT WARNING * * *
You are too berserk!
You are too berserk!
You slice the black mamba!!
You kill the black mamba!
Trog accepts your kill.
* * * LOW HITPOINT WARNING * * *
You feel very sick.
The pharaoh ant bites you but does no damage.
You are too berserk!
Okay, then.
You are too berserk!
You slash the pharaoh ant!
You destroy the pharaoh ant!
Trog accepts your kill.
The pharaoh ant binds the souls of nearby monsters.
* * * LOW HITPOINT WARNING * * *
You feel very sick.
The yak gores you but does no damage. x2
Your Evocations skill increases to level 6!
Okay, then.
You are too berserk!
You are too berserk!
You slice the yak!! You headbutt the yak!
The yak is almost dead.
* * * LOW HITPOINT WARNING * * *
You feel very sick.
You are too berserk!
You barely miss the yak.
The yak is almost dead.
You die...

...#...♣†....♣..>..♣...÷.♣#.##
..###..................÷.....####
...#..###....##...#......##.'..#.
".###.###...#########...#...#...#
.<'...##.#...#######...#....##...
..###.###.............#.....####.
..# ### #.##....♣....#........###
..# #####....Y...###'###.### ..#
#..###.@..### #.###...## ###
##.##.##Y.# #...#..#.#
##.######.# #..#...... ### #..##
##### ##....P..P ..### ##...#
###.####'....... .+..#####.#.##
##..........P...P .P#...##.##.#
##.........)..P..P
.####....PP.####..........P).P...
..####........###...÷.....P....>.


You could see 2 yaks.

Vanquished Creatures
  A catoblepas (Lair:1)
  2 two-headed ogres
  A boulder beetle (Lair:1)
  The ghost of Vadun the Ruffian, a novice TrMo of Qazlal (D:7)
  Amaemon (D:10)
  A pharaoh ant (Lair:2)
  A salamander (Lair:2)
  8 elephants
  2 black mambas (Lair:2)
  An orange demon (D:10)
  Maggie (D:7)
  5 komodo dragons
  10 cane toads
  A troll (D:10)
  A polar bear (Lair:2)
  11 blink frogs
  Eustachio (D:6)
  2 vampires
  Sigmund (D:2)
  10 yaks
  Grum (Lair:1)
  A basilisk (Lair:1)
  3 wyverns
  A steam dragon (D:7)
  A redback (Lair:2)
  An acid dragon (D:9)
  6 water moccasins
  A spectral hornet (D:7)
  4 orc warriors
  3 ice beasts
  2 sky beasts (D:7)
  22 wolves
  An ogre (D:5)
  8 centaurs
  3 kobold brigands
  12 bullfrogs
  A gnoll sergeant (D:10)
  A scorpion (D:4)
  11 wights
  5 killer bees (D:8)
  2 electric eels
  A howler monkey (D:5)
  A centaur zombie (D:4)
  A human zombie (Ossuary)
  2 hounds
  5 bombardier beetles
  Crazy Yiuf (D:2)
  7 orc priests
  A centaur skeleton (D:7)
  Jessica (D:2)
  2 iguanas (D:6)
  A scorpion zombie (D:4)
  10 orc wizards
  Natasha (twice) (D:4)
  A sleepcap (D:4)
  3 hound zombies
  4 mummies (Ossuary)
  6 adders
  4 gnolls (D:10)
  A shadow imp (D:6)
  A white imp (D:5)
  6 ufetubi
  2 adder zombies
  2 dart slugs
  4 ribbon worms
  37 orcs
  5 ball pythons
  3 endoplasms
  2 giant cockroaches
  A gnoll zombie (Ossuary)
  7 goblins
  7 hobgoblins
  3 quokkas
  3 bats (D:2)
  5 frilled lizards
  2 goblin zombies
  A hobgoblin zombie (Ossuary)
  A jackal zombie (Ossuary)
  17 kobolds
  2 kobold zombies (Ossuary)
  2 orc zombies (Ossuary)
  A rat zombie (Ossuary)
320 creatures vanquished.

Notes
Turn   | Place    | Note
-------+----------+-------------------------------------------
     0 | D:1      | Griffin23 the Minotaur Fighter began the quest for the Orb.
     0 | D:1      | Reached XP level 1. HP: 19/19 MP: 0/0
   316 | D:1      | Reached XP level 2. HP: 26/27 MP: 1/1
   629 | D:1      | Reached skill level 3 in Long Blades
   994 | D:2      | Noticed Sigmund
  1009 | D:2      | Killed Sigmund
  1010 | D:2      | Reached skill level 4 in Long Blades
  1010 | D:2      | Reached XP level 3. HP: 5/34 MP: 2/2
  1010 | D:2      | Reached XP level 4. HP: 6/41 MP: 3/3
  1010 | D:2      | Reached XP level 5. HP: 7/47 MP: 4/4
  1434 | D:2      | Found a runed translucent door.
  1435 | D:2      | Noticed Crazy Yiuf
  1678 | D:2      | Noticed Jessica
  1692 | D:2      | Killed Jessica
  1817 | D:2      | Killed Crazy Yiuf
  1949 | D:3      | Reached skill level 5 in Long Blades
  2284 | D:3      | Reached XP level 6. HP: 37/55 MP: 5/5
  2472 | D:3      | Reached skill level 5 in Armour
  2526 | D:3      | Found a faded altar of an unknown god.
  2534 | D:3      | Got Plato's Tractate on Wanderlust
  2776 | D:4      | Reached skill level 5 in Fighting
  2867 | D:4      | Reached skill level 6 in Long Blades
  2968 | D:4      | Noticed Natasha
  2973 | D:4      | Killed Natasha
  2974 | D:4      | Reached XP level 7. HP: 60/61 MP: 6/6
  3174 | D:4      | Noticed Natasha
  3181 | D:4      | Killed Natasha
  3340 | D:4      | Found a basalt altar of Yredelemnul.
  3398 | D:4      | Found a shimmering altar of Xom.
  3504 | D:5      | Entered Level 5 of the Dungeon
  3504 | D:5      | Found a sand-covered staircase.
  3520 | D:5      | Reached skill level 7 in Long Blades
  3532 | Ossuary  | Entered an ossuary
  4247 | D:5      | Found a sacrificial altar of Ru.
  4380 | D:5      | Reached XP level 8. HP: 65/71 MP: 7/7
  4590 | D:5      | Reached skill level 8 in Long Blades
  5010 | D:6      | Found a staircase to the Ecumenical Temple.
  5016 | Temple   | Entered the Ecumenical Temple
  5130 | Temple   | Became a worshipper of Trog the Wrathful
  5501 | D:6      | Noticed Eustachio
  5515 | D:6      | Killed Eustachio
  5516 | D:6      | Reached skill level 9 in Long Blades
  5674 | D:7      | Found a runed translucent gate.
  5675 | D:7      | Found a runed translucent gate.
  5675 | D:7      | Found a runed translucent gate.
  5873 | D:7      | Found a transporter.
  5960 | D:7      | Noticed a kobold demonologist
  5966 | D:7      | Found a transporter.
  6083 | D:7      | Reached skill level 10 in Long Blades
  6083 | D:7      | Reached XP level 9. HP: 80/80 MP: 8/8
  6086 | D:7      | Noticed Maggie
  6097 | D:7      | Killed Maggie
  6410 | D:7      | Noticed Vadun's ghost (novice TrMo)
  6528 | D:8      | Reached * piety under Trog
  6598 | D:8      | Reached skill level 11 in Long Blades
  6718 | D:8      | Found a stormy altar of Qazlal.
  6796 | D:8      | Found a glowing silver altar of Zin.
  6796 | D:8      | Found a blossoming altar of Fedhas.
  6798 | D:8      | Found a broken altar of Ashenzari.
  6800 | D:8      | Found an ornate altar of the Wu Jian Council.
  7398 | D:8      | Found an iron altar of Okawaru.
  7784 | D:7      | Killed Vadun's ghost
  7785 | D:7      | Reached skill level 12 in Long Blades
  8286 | D:8      | Reached XP level 10. HP: 79/91 MP: 7/9
  8768 | D:9      | Reached skill level 5 in Shields
  8957 | D:9      | Reached skill level 1 in Evocations
  9108 | D:9      | Reached ** piety under Trog
  9241 | D:9      | Noticed a two-headed ogre
  9253 | D:9      | Killed a two-headed ogre
  9999 | D:10     | Entered Level 10 of the Dungeon
  9999 | D:10     | Noticed a two-headed ogre
 10012 | D:10     | Killed a two-headed ogre
 10013 | D:10     | Reached skill level 10 in Fighting
 10013 | D:10     | Reached skill level 13 in Long Blades
 10013 | D:10     | Reached skill level 10 in Armour
 10453 | D:10     | Found a staircase to the Lair.
 11084 | D:10     | Noticed an orange demon
 11085 | D:10     | Noticed Amaemon
 11093 | D:10     | Killed an orange demon
 11105 | D:10     | Killed Amaemon
 11106 | D:10     | Reached XP level 11. HP: 31/101 MP: 8/10
 11657 | Lair:1   | Entered Level 1 of the Lair of Beasts
 12083 | D:10     | Reached skill level 14 in Long Blades
 12524 | Lair:1   | Noticed Grum
 12985 | Lair:1   | Noticed a boulder beetle
 13018 | Lair:1   | Killed a boulder beetle
 13255 | Lair:1   | Noticed a catoblepas
 13270 | Lair:1   | Reached skill level 15 in Long Blades
 13364 | Lair:1   | Killed Grum
 13372 | Lair:1   | Killed a catoblepas
 13557 | Lair:1   | Reached *** piety under Trog
 13561 | Lair:1   | Reached XP level 12. HP: 69/110 MP: 7/11
 14040 | Lair:1   | Identified the +1 falchion "Murmur" {pain, ^Fragile Str+7
                  | Dex+3 Stlth+}
 14405 | Lair:1   | Reached skill level 5 in Evocations
 14848 | Lair:2   | Found a staircase to the Shoals.
 15136 | Lair:2   | Noticed Harold
 15138 | Lair:2   | Harold changed into Harold the salamander
 15138 | Lair:2   | Noticed Harold
 15191 | Lair:2   | Reached skill level 16 in Long Blades
 16264 | Lair:2   | Killed Harold the salamander
 16488 | Lair:3   | Reached **** piety under Trog
 16632 | Lair:3   | Noticed a boulder beetle
 17242 | Lair:2   | Identified a scroll of acquirement
 17242 | Lair:2   | Acquired 1202 gold pieces
 17359 | Lair:2   | HP: 4/163 [poisoned by a black mamba]
 17360 | Lair:2   | Succumbed to a black mamba's poison

Illustrated notes

Levels and vault maps discovered:
D:1:      denvon_arrival_planthouse, layout_loops_ring
D:2:      layout_loops_ring, serial_glass, glass_columns_b, glass_columns_a,
          hex_medium, reono_crystal_passage, uniq_jessica, uniq_sigmund,
          uniq_crazy_yiuf_cottage
D:3:      layout_basic, shapermc_ecumenical_altar_rom_forum
D:4:      layout_rooms, nicolae_yredelemnul_corpse_copse,
          lemuel_coloured_pillars_altar, kennysheep_big_empty_room, uniq_natasha
D:5:      layout_cave_pools, mainiacjoe_overflow_alcove_4, enter_ossuary_3
D:6:      layout_basic, minmay_temple_entry_arrows, hangedman_glass_teeth,
          uniq_eustachio
D:7:      gammafunk_wand_slinger, layout_basic, gammafunk_ghost_necromancy,
          uniq_maggie
D:8:      layout_loops_cross, nicolae_qazlal_scattered_showers,
          grunt_temple_overflow_open, okawaru_gym_becter
D:9:      layout_irregular_city, bh_walls_and_bars
D:10:     layout_loops_ring, lair_entry_dummy, serial_bayou_lagoon_a,
          uniq_amaemon
Temple:   nicolae_temple_bog_church
Lair:1:   layout_cave_shapes, st_stairs_12, nicolae_lair_grazing_beasts
          [nicolae_sub_lair_graze_edge, nicolae_sub_lair_graze_edge,
          nicolae_sub_lair_graze_edge, nicolae_sub_lair_graze_edge],
          grunt_megastairs_1, uniq_grum
Lair:2:   layout_roguey, minmay_shoals_entry_centaurs, grunt_megastairs_5,
          uniq_harold
Lair:3:   layout_regular_city, nicolae_spider_entry_lesser_pyramids,
          serial_bayou_shore_a

Skill      XL: |  1  2  3  4  5  6  7  8  9 10 11 12 |
---------------+-------------------------------------+-----
Long Blades    | 4 5 6 7 10 12 13 15 16 | 16.5
Shields        | 4 6 8 9 |  9.5
Fighting       | 4 5 6 7 9 10 11 12 | 12.3
Armour         | 4 5 6 7 9 10 11 12 | 12.3
Evocations     | 3 4 6 |  6.0

Action                     |  1- 3 |  4- 6 |  7- 9 | 10-12 || total
---------------------------+-------+-------+-------+-------++-------
  Melee: Long sword        |    48 |    27 |       |   685 ||   760
         Headbutt          |     7 |    22 |    54 |   139 ||   222
         Great sword       |       |    69 |   316 |     4 ||   389
  Throw: Boomerang         |       |       |       |     3 ||     3
 Invoke: Berserk           |       |       |     2 |     7 ||     9
  Evoke: Wand              |       |       |     3 |    20 ||    23
    Use: Potion            |     1 |       |     2 |     7 ||    10
         Scroll            |       |       |     8 |    15 ||    23
 Armour: Scale mail        |    26 |    77 |   358 |       ||   461
         Skin              |       |       |     1 |       ||     1
         Plate armour      |       |       |    26 |   750 ||   776
  Dodge: Dodged            |    12 |    27 |   212 |   158 ||   409
  Block: Buckler           |     4 |     8 |       |       ||    12
         Kite shield       |       |       |       |   398 ||   398

Table legend: (Time is in decaauts)
 A = Elapsed time spent in this place.
 B = Non-inter-level travel time spent in this place.
 C = Inter-level travel time spent in this place.
 D = Time resting spent in this place.
 E = Time spent auto-exploring this place.
 F = Levels seen in this place.
 G = Mean time per level.
                   A        B        C        D        E       F      G
               +--------+--------+--------+--------+--------+-----+--------+
         Total |  17476 |  16898 |    578 |   3618 |  10622 |  15 | 1165.1 |
       Dungeon |  11459 |  10944 |    515 |   1917 |   7325 |  10 | 1145.9 |
        Temple |    138 |    138 |      0 |      0 |     88 |   1 |  138.0 |
          Lair |   5358 |   5295 |     63 |   1434 |   3049 |   3 | 1786.0 |
       Ossuary |    519 |    519 |      0 |    267 |    160 |   1 |  519.0 |
               +--------+--------+--------+--------+--------+-----+--------+

Top non-repeatable levels by time:
  Lair:2: 2651 daAuts
  Lair:1: 2545 daAuts
    D:10: 1755 daAuts
     D:8: 1725 daAuts
     D:9: 1456 daAuts
     D:7: 1397 daAuts
     D:2: 1040 daAuts
     D:3: 924 daAuts
     D:1: 901 daAuts
     D:5: 794 daAuts
     D:6: 765 daAuts
     D:4: 699 daAuts
 Ossuary: 519 daAuts
  Lair:3: 162 daAuts
  Temple: 138 daAuts
